| TOP OF THE 1ST |
|
New Hampshire Fisher Cats batting - Pitching for Midland RockHounds : RHP Jalen Cobbins
|
|
Pitching: RHP Jalen Cobbins
|
|
|
Batting: LHB Yoshinari Nara
|
0-0: Called Strike 0-1: Foul Ball, location: 2F 0-2: Ball 1-2: Foul Ball, location: 2F 1-2: Foul Ball, location: 2F 1-2: Ball 2-2: Fly out, F8 (Flyball, 8LD, EV 105.6 MPH)
|
|
Batting: LHB Tso-lin Fen
|
0-0: Foul Ball, location: 2F 0-1: Foul Ball, location: 2F 0-2: Ball 1-2: Foul Ball, location: 2F 1-2: Ball 2-2: Strikes out swinging
|
|
Batting: LHB Chaim Huting
|
0-0: Ball 1-0: Called Strike 1-1: Called Strike 1-2: SINGLE (Groundball, 3S, EV 94.4 MPH)
|
|
Batting: SHB Jack Andrews
|
0-0: Ball 1-0: Ball 2-0: Called Strike 2-1: Ball 3-1: DOUBLE (Line Drive, 9LS, EV 96.9 MPH) Chaim Huting to third
|
|
Batting: LHB Rodrigo Briceno
|
0-0: Called Strike 0-1: Foul Ball, location: 2F 0-2: Strikes out swinging
|
| Top of the 1st over - 0 runs, 2 hits, 0 errors, 2 left on base; New Hampshire 0 - Midland 0 |
| BOTTOM OF THE 1ST |
|
Midland RockHounds batting - Pitching for New Hampshire Fisher Cats : RHP Jeremy Thomsen
|
|
Pitching: RHP Jeremy Thomsen
|
|
|
Batting: RHB Luis Restrepo
|
0-0: Swinging Strike 0-1: Ball 1-1: Ball 2-1: Swinging Strike 2-2: Foul Ball, location: 2F 2-2: Strikes out swinging
|
|
Batting: SHB Rich Muniz
|
0-0: Called Strike 0-1: Called Strike 0-2: Foul Ball, location: 2F 0-2: Ball 1-2: Foul Ball, location: 2F 1-2: Foul Ball, location: 2F 1-2: Ball 2-2: Fly out, F9 (Flyball, 9, EV 78.1 MPH)
|
|
Batting: RHB Kevin Wiles
|
0-0: Called Strike 0-1: Ball 1-1: Foul Ball, location: 2F 1-2: Foul Ball, location: 2F 1-2: Foul Ball, location: 2F 1-2: Fly out, F4 (Popup, 23, EV 86.9 MPH)
|
| Bottom of the 1st over - 0 runs, 0 hits, 0 errors, 0 left on base; New Hampshire 0 - Midland 0 |
| TOP OF THE 2ND |
|
New Hampshire Fisher Cats batting - Pitching for Midland RockHounds : RHP Jalen Cobbins
|
|
Batting: RHB Butch Koglin
|
0-0: Ball 1-0: Ground out 6-3 (Groundball, 6, EV 101.9 MPH)
|
|
Batting: RHB Tony Rosas
|
0-0: Called Strike 0-1: Swinging Strike 0-2: Strikes out swinging
|
|
Batting: SHB Tristan Dearing
|
0-0: Ball 1-0: Called Strike 1-1: Ball 2-1: Fly out, F8 (Flyball, 89M, EV 78.1 MPH)
|
| Top of the 2nd over - 0 runs, 0 hits, 0 errors, 0 left on base; New Hampshire 0 - Midland 0 |
| BOTTOM OF THE 2ND |
|
Midland RockHounds batting - Pitching for New Hampshire Fisher Cats : RHP Jeremy Thomsen
|
|
Batting: LHB John Shults
|
0-0: Ball 1-0: Called Strike 1-1: SINGLE (Groundball, 4MD, EV 109.4 MPH)
|
|
Batting: RHB Danny Heikkila
|
0-0: Ball 1-0: Fielders Choice at 2nd, 5-4 (Groundball, 56S, EV 89.4 MPH)
|
|
Batting: RHB Eduardo Chavez
|
0-0: Called Strike 0-1: Ball 1-1: Foul Ball, location: 2F 1-2: Strikes out swinging Danny Heikkila steals 2nd base Batter strikes out.
|
|
Batting: RHB Carlos Ballesteros
|
0-0: SINGLE (Groundball, 56D, EV 100.0 MPH) Danny Heikkila to third Runner from 3rd tries for Home, SAFE, throw by LF to home
|
|
Batting: RHB Armando Estrada
|
0-0: Ball 1-0: Called Strike 1-1: Swinging Strike 1-2: SINGLE (Groundball, 56D, EV 100.6 MPH) Carlos Ballesteros to second
|
|
Batting: RHB Dunlang Clark
|
0-0: Swinging Strike 0-1: Swinging Strike 0-2: Ball 1-2: Ball 2-2: Ground out U3 (Groundball, 34S, EV 77.5 MPH)
|
| Bottom of the 2nd over - 1 run, 3 hits, 0 errors, 2 left on base; New Hampshire 0 - Midland 1 |
| TOP OF THE 3RD |
|
New Hampshire Fisher Cats batting - Pitching for Midland RockHounds : RHP Jalen Cobbins
|
|
Batting: RHB Matt Nycz
|
0-0: Ball 1-0: Called Strike 1-1: Swinging Strike 1-2: Ball 2-2: Strikes out swinging
|
|
Batting: LHB Yoshinari Nara
|
0-0: Called Strike 0-1: Ball 1-1: Ball 2-1: Ground out 6-3 (Groundball, 6, EV 82.5 MPH)
|
|
Batting: LHB Tso-lin Fen
|
0-0: Ball 1-0: Ball 2-0: Ball 3-0: Base on Balls
|
|
Batting: LHB Chaim Huting
|
0-0: Called Strike Tso-lin Fen steals 2nd base (no throw) 0-1: Foul Ball, location: 2F 0-2: Ball 1-2: Ball 2-2: Ground out 4-3 (Groundball, 4M, EV 98.8 MPH)
|
| Top of the 3rd over - 0 runs, 0 hits, 0 errors, 1 left on base; New Hampshire 0 - Midland 1 |
| BOTTOM OF THE 3RD |
|
Midland RockHounds batting - Pitching for New Hampshire Fisher Cats : RHP Jeremy Thomsen
|
|
Batting: RHB Luis Restrepo
|
0-0: SINGLE (Groundball, 3S, EV 66.2 MPH) (infield hit)
|
|
Batting: SHB Rich Muniz
|
0-0: Foul Ball, location: 2F 0-1: Called Strike Luis Restrepo steals 2nd base 0-2: Ball 1-2: DOUBLE (Line Drive, 78D, EV 113.8 MPH) Luis Restrepo scores
|
|
Batting: RHB Kevin Wiles
|
0-0: Foul Ball, location: 2F 0-1: Ball 1-1: Swinging Strike 1-2: Strikes out swinging
|
|
Batting: LHB John Shults
|
0-0: Swinging Strike 0-1: Ball 1-1: Fly out, F7 (Flyball, 78M, EV 94.4 MPH)
|
|
Batting: RHB Danny Heikkila
|
0-0: Foul Ball, location: 2F 0-1: Called Strike 0-2: Ground out 5-3 (Groundball, 56, EV 81.9 MPH)
|
| Bottom of the 3rd over - 1 run, 2 hits, 0 errors, 1 left on base; New Hampshire 0 - Midland 2 |
| TOP OF THE 4TH |
|
New Hampshire Fisher Cats batting - Pitching for Midland RockHounds : RHP Jalen Cobbins
|
|
Batting: SHB Jack Andrews
|
0-0: Foul Ball, location: 2F 0-1: Called Strike 0-2: Ball 1-2: Foul Ball, location: 2F 1-2: Strikes out swinging
|
|
Batting: LHB Rodrigo Briceno
|
0-0: Ball 1-0: Swinging Strike 1-1: Ball 2-1: Ground out 3-1 (Groundball, 34, EV 105.6 MPH)
|
|
Batting: RHB Butch Koglin
|
0-0: Ball 1-0: Ball 2-0: Ball 3-0: Called Strike 3-1: Base on Balls
|
|
Batting: RHB Tony Rosas
|
0-0: Fly out, F4 (Popup, 4, EV 71.2 MPH)
|
| Top of the 4th over - 0 runs, 0 hits, 0 errors, 1 left on base; New Hampshire 0 - Midland 2 |
| BOTTOM OF THE 4TH |
|
Midland RockHounds batting - Pitching for New Hampshire Fisher Cats : RHP Jeremy Thomsen
|
|
Batting: RHB Eduardo Chavez
|
0-0: Swinging Strike 0-1: Ground out 4-3 (Groundball, 4, EV 86.2 MPH)
|
|
Batting: RHB Carlos Ballesteros
|
0-0: Called Strike 0-1: Ball 1-1: Swinging Strike 1-2: SINGLE (Groundball, 6D, EV 110.0 MPH)
|
|
Batting: RHB Armando Estrada
|
0-0: Called Strike 0-1: Called Strike 0-2: Ball 1-2: Ball 2-2: Foul Ball, location: 2F 2-2: Foul Ball, location: 2F 2-2: Strikes out looking Carlos Ballesteros is caught stealing 2nd base 2-4 Batter strikes out.
|
| Bottom of the 4th over - 0 runs, 1 hit, 0 errors, 0 left on base; New Hampshire 0 - Midland 2 |
| TOP OF THE 5TH |
|
New Hampshire Fisher Cats batting - Pitching for Midland RockHounds : RHP Jalen Cobbins
|
|
Batting: SHB Tristan Dearing
|
0-0: Foul Ball, location: 2F 0-1: Foul Ball, location: 2F 0-2: Ball 1-2: Ground out 5-3 (Groundball, 56, EV 97.5 MPH)
|
|
Batting: RHB Matt Nycz
|
0-0: Called Strike 0-1: SINGLE (Groundball, 56S, EV 70.0 MPH) (infield hit)
|
|
Batting: LHB Yoshinari Nara
|
0-0: Called Strike Matt Nycz steals 2nd base (no throw) 0-1: Foul Ball, location: 2F 0-2: Foul Ball, location: 2F 0-2: Ball 1-2: Foul Ball, location: 2F 1-2: Strikes out swinging
|
|
Batting: LHB Tso-lin Fen
|
0-0: Ball 1-0: Ball 2-0: Swinging Strike 2-1: Ball 3-1: Base on Balls
|
|
Batting: LHB Chaim Huting
|
0-0: Ball 1-0: Ball 2-0: Fielders Choice at 2nd, 5-4 (Groundball, 56, EV 94.4 MPH)
|
| Top of the 5th over - 0 runs, 1 hit, 0 errors, 2 left on base; New Hampshire 0 - Midland 2 |
| BOTTOM OF THE 5TH |
|
Midland RockHounds batting - Pitching for New Hampshire Fisher Cats : RHP Jeremy Thomsen
|
|
Batting: RHB Dunlang Clark
|
0-0: Ball 1-0: Foul Ball, location: 2F 1-1: Swinging Strike 1-2: Strikes out swinging
|
|
Batting: RHB Luis Restrepo
|
0-0: Ball 1-0: Called Strike 1-1: Called Strike 1-2: Foul Ball, location: 2F 1-2: Foul Ball, location: 2F 1-2: Ball 2-2: Ball 3-2: Base on Balls
|
|
Batting: SHB Rich Muniz
|
0-0: Ball 1-0: Hit by Pitch Luis Restrepo to second
|
|
Batting: RHB Kevin Wiles
|
0-0: Ball Luis Restrepo steals 3rd base Rich Muniz to second 1-0: Ground out 6-3 (Groundball, 6S, EV 66.9 MPH) Luis Restrepo scores Rich Muniz to third
|
|
Batting: LHB John Shults
|
0-0: Ball 1-0: Foul Ball, location: 2F 1-1: Ball 2-1: Fly out, F8 (Line Drive, 78M, EV 91.2 MPH)
|
| Bottom of the 5th over - 1 run, 0 hits, 0 errors, 1 left on base; New Hampshire 0 - Midland 3 |
| TOP OF THE 6TH |
|
New Hampshire Fisher Cats batting - Pitching for Midland RockHounds : RHP Jalen Cobbins
|
|
Batting: SHB Jack Andrews
|
0-0: SINGLE (Line Drive, 8LS, EV 108.8 MPH)
|
|
Batting: LHB Rodrigo Briceno
|
0-0: Called Strike Jack Andrews steals 2nd base 0-1: Ball 1-1: Foul Ball, location: 2F 1-2: Ball 2-2: Ball 3-2: Hit by Pitch
|
|
Batting: RHB Butch Koglin
|
0-0: Foul Ball, location: 2F 0-1: Foul Ball, location: 2F 0-2: Grounds into double play, 5-4-3 (Groundball, 5, EV 99.4 MPH) Jack Andrews to third
|
|
Pitching: LHP Bobby Dahlgren
|
|
|
Batting: RHB Tony Rosas
|
0-0: Ball 1-0: Ground out 1-3 (Groundball, 34S, EV 66.2 MPH)
|
| Top of the 6th over - 0 runs, 1 hit, 0 errors, 1 left on base; New Hampshire 0 - Midland 3 |
| BOTTOM OF THE 6TH |
|
Midland RockHounds batting - Pitching for New Hampshire Fisher Cats : RHP Jeremy Thomsen
|
|
Batting: RHB Danny Heikkila
|
0-0: Fly out, F9 (Flyball, 9LS, EV 85.0 MPH)
|
|
Batting: RHB Eduardo Chavez
|
0-0: Called Strike 0-1: Foul Ball, location: 2F 0-2: Ball 1-2: SINGLE (Groundball, 6D, EV 108.8 MPH)
|
|
Batting: RHB Carlos Ballesteros
|
0-0: Called Strike Eduardo Chavez steals 2nd base 0-1: Foul Ball, location: 2F 0-2: Foul Ball, location: 2F 0-2: Foul Ball, location: 2F 0-2: Ground out 6-3 (Groundball, 6, EV 84.4 MPH) Eduardo Chavez to third
|
|
Batting: RHB Armando Estrada
|
0-0: Foul Ball, location: 2F 0-1: Ball 1-1: Ground out 5-3 (Groundball, 56, EV 102.5 MPH)
|
| Bottom of the 6th over - 0 runs, 1 hit, 0 errors, 1 left on base; New Hampshire 0 - Midland 3 |
| TOP OF THE 7TH |
|
New Hampshire Fisher Cats batting - Pitching for Midland RockHounds : LHP Bobby Dahlgren
|
|
Batting: SHB Tristan Dearing
|
0-0: Foul Ball, location: 2F 0-1: Swinging Strike 0-2: Ball 1-2: Strikes out swinging
|
|
Batting: RHB Matt Nycz
|
0-0: Ball 1-0: Ground out 4-3 (Groundball, 4, EV 87.5 MPH)
|
|
Batting: LHB Yoshinari Nara
|
0-0: Foul Ball, location: 2F 0-1: Swinging Strike 0-2: Ball 1-2: Foul Ball, location: 2F 1-2: Ball 2-2: SOLO HOME RUN (Flyball, 7LD, EV 94.4 MPH), Distance : 358 ft
|
|
Batting: LHB Tso-lin Fen
|
0-0: Called Strike 0-1: Called Strike 0-2: Ground out 4-3 (Groundball, 34D, EV 105.6 MPH)
|
| Top of the 7th over - 1 run, 1 hit, 0 errors, 0 left on base; New Hampshire 1 - Midland 3 |
| BOTTOM OF THE 7TH |
|
Midland RockHounds batting - Pitching for New Hampshire Fisher Cats : RHP Jeremy Thomsen
|
|
Batting: RHB Dunlang Clark
|
0-0: Swinging Strike 0-1: Ball 1-1: Ball 2-1: Foul Ball, location: 2F 2-2: Ball 3-2: Foul Ball, location: 2F 3-2: DOUBLE (Flyball, 89D, EV 100.6 MPH)
|
|
Batting: RHB Luis Restrepo
|
0-0: Bunted foul 0-1: Bunt missed! 0-2: Fly out, F9 (Flyball, 9LM, EV 97.5 MPH) Runner from 2nd tags up, SAFE at 3rd, no throw by RF
|
|
Pitching: RHP Jose Ramos
|
|
|
Batting: SHB Rich Muniz
|
0-0: Ground out 4-3 (Groundball, 4, EV 105.6 MPH) Dunlang Clark scores
|
|
Batting: RHB Kevin Wiles
|
0-0: Foul Ball, location: 2F 0-1: Swinging Strike 0-2: SINGLE (Groundball, 4M, EV 103.1 MPH) (infield hit)
|
|
Batting: LHB John Shults
|
0-0: Ball 1-0: Called Strike 1-1: Foul Ball, location: 2F 1-2: Foul Ball, location: 2F 1-2: Foul Ball, location: 2F 1-2: Foul Ball, location: 2F 1-2: Fly out, F9 (Flyball, 89D, EV 96.9 MPH)
|
| Bottom of the 7th over - 1 run, 2 hits, 0 errors, 1 left on base; New Hampshire 1 - Midland 4 |
| TOP OF THE 8TH |
|
New Hampshire Fisher Cats batting - Pitching for Midland RockHounds : LHP Bobby Dahlgren
|
|
Batting: LHB Chaim Huting
|
0-0: Foul Ball, location: 2F 0-1: Fly out, F8 (Flyball, 8RS, EV 84.4 MPH)
|
|
Batting: SHB Jack Andrews
|
0-0: Ball 1-0: Called Strike 1-1: Ball 2-1: Ball 3-1: Ground out 1-3 (Groundball, 34S, EV 68.1 MPH)
|
|
Batting: LHB Rodrigo Briceno
|
0-0: Ball 1-0: Ball 2-0: Ball 3-0: Called Strike 3-1: Base on Balls
|
|
Batting: RHB Butch Koglin
|
0-0: Ball 1-0: Foul Ball, location: 2F 1-1: Ball 2-1: Foul Ball, location: 2F 2-2: Fielders Choice at 2nd, 5-4 (Groundball, 56, EV 84.4 MPH)
|
| Top of the 8th over - 0 runs, 0 hits, 0 errors, 1 left on base; New Hampshire 1 - Midland 4 |
| BOTTOM OF THE 8TH |
|
Midland RockHounds batting - Pitching for New Hampshire Fisher Cats : RHP Jose Ramos
|
|
Pitching: RHP Andres de Leon
|
|
|
Batting: RHB Danny Heikkila
|
0-0: Called Strike 0-1: Swinging Strike 0-2: Strikes out swinging
|
|
Batting: RHB Eduardo Chavez
|
0-0: Called Strike 0-1: Ball 1-1: Ground out 5-3 (Groundball, 56, EV 103.8 MPH)
|
|
Batting: RHB Carlos Ballesteros
|
0-0: Ball 1-0: Called Strike 1-1: Foul Ball, location: 2F 1-2: Ball 2-2: SINGLE (Groundball, 6MD, EV 106.2 MPH) (infield hit)
|
|
Batting: RHB Armando Estrada
|
0-0: Called Strike 0-1: Called Strike 0-2: Ball 1-2: Foul Ball, location: 2F 1-2: Foul Ball, location: 2F 1-2: Foul Ball, location: 2F 1-2: Ball 2-2: Fly out, F4 (Popup, 4, EV 74.4 MPH)
|
| Bottom of the 8th over - 0 runs, 1 hit, 0 errors, 1 left on base; New Hampshire 1 - Midland 4 |
| TOP OF THE 9TH |
|
New Hampshire Fisher Cats batting - Pitching for Midland RockHounds : LHP Bobby Dahlgren
|
|
Pitching: RHP Steve Friesner
|
|
|
Batting: RHB Tony Rosas
|
0-0: Fly out, F9 (Flyball, 89D, EV 100.6 MPH)
|
|
Batting: SHB Tristan Dearing
|
0-0: Ball 1-0: Bunted foul 1-1: Ball 2-1: TRIPLE (Flyball, 89XD, EV 96.9 MPH)
|
|
Batting: RHB Matt Nycz
|
0-0: Foul Ball, location: 2F 0-1: Ball 1-1: Called Strike 1-2: Foul Ball, location: 2F 1-2: DOUBLE (Groundball, 5L, EV 95.6 MPH) Tristan Dearing scores
|
|
Batting: LHB Yoshinari Nara
|
0-0: Swinging Strike 0-1: Foul Ball, location: 2F 0-2: Ball 1-2: Foul Ball, location: 2F 1-2: Ball 2-2: Ball 3-2: Ground out 4-3 (Groundball, 34, EV 103.1 MPH) Matt Nycz to third
|
|
Batting: LHB Tso-lin Fen
|
0-0: Foul Ball, location: 2F 0-1: Ball 1-1: Foul Ball, location: 2F 1-2: Foul Ball, location: 2F 1-2: Ball 2-2: Foul Ball, location: 2F 2-2: Ball 3-2: Fly out, F8 (Flyball, 8LM, EV 97.5 MPH)
|
| Top of the 9th over - 1 run, 2 hits, 0 errors, 1 left on base; New Hampshire 2 - Midland 4 |
|